 Dungeon Crawl Stone Soup version 0.26-a0-597-gb535b0901c (webtiles) character file.

Game seed: 18269943981207988018

70 Lanoc the Poker (level 4, -2/37 HPs)
             Began as a Merfolk Monk on Sept 3, 2020.
             Was a Believer of Yredelemnul.
             Slain by a river rat (8 damage)
             ... in a sewer.
             The game lasted 00:05:06 (822 turns).

Lanoc the Poker (Merfolk Monk)                       Turns: 822, Time: 00:05:07

Health: -2/37      AC:  2    Str: 12    XL:     4   Next: 21%
Magic:  4/5        EV: 15    Int:  9    God:    Yredelemnul [**....]
Gold:   27         SH:  0    Dex: 16    Spells: 3/3 levels left

rFire    . . .     SeeInvis .   a - +0 spear
rCold    . . .     Faith    .   (no shield)
rNeg     . . .     Spirit   .   b - +0 robe
rPois    .         Reflect  .   (no helmet)
rElec    .         Harm     .   (no cloak)
rCorr    .                      (no gloves)
MR       .....                  (no boots)
Stlth    ++........             (no amulet)
HPRegen  0.12/turn              (no ring)
MPRegen  0.09/turn              (no ring)

@: injury mirror
A: change form in water, swift swim, stealthy swim
a: Animate Remains, Recall Undead Slaves, Injury Mirror, Renounce Religion


You were in a sewer.
You worshipped Yredelemnul.
Yredelemnul was pleased with you.
You visited 1 branch of the dungeon, and saw 3 of its levels.
You also visited: Sewer.

You collected 27 gold pieces.

Inventory:

Hand Weapons
 a - a +0 spear (weapon)
Armour
 b - a +0 robe (worn)
Scrolls
 c - a scroll of identify


   Skills:
 + Level 3.8 Fighting
 * Level 5.7 Polearms
 + Level 4.6 Dodging
 - Level 2.1 Stealth
 + Level 1.4 Invocations


You had 3 spell levels left.
You didn't know any spells.
Your spell library was empty.

Dungeon Overview and Level Annotations

Branches:
Dungeon (3/15)              Sewer (1/1)

Altars:
Okawaru
Vehumet
Yredelemnul

Annotations:
D:3 Robin


Message History

The river rat bites you! Yredelemnul mirrors your injury!
The river rat is severely wounded.
You hit the river rat.
The river rat is almost dead.
The river rat bites you!
* * * LOW HITPOINT WARNING * * *
Yredelemnul mirrors your injury!
The river rat is heavily wounded.
You hit the river rat.
You kill the river rat!
Yredelemnul accepts your kill.
You barely miss the river rat.
The river rat is heavily wounded.
The river rat barely misses you.
You hit the river rat but do no damage.
The river rat is heavily wounded.
The river rat bites you!
You die...
Your body rises from the dead as a mindless zombie.

#≈#
#.#
#.#
#.#
#.#
#.#
#r#
#@#
#r#
#r#
#.#
#.#
#.#
#.#
###


You could see 2 river rats and a rat.

Vanquished Creatures
  An adder (D:3)
  2 river rats
  An adder zombie (D:1)
  A worm (D:3)
  A dart slug (D:3)
  2 leopard geckos (D:3)
  An orc (D:3)
  A bat zombie (D:1)
  4 giant cockroaches (D:3)
  5 goblins (D:3)
  A hobgoblin (D:3)
  2 quokkas
  2 frilled lizards (D:3)
  A kobold (D:3)
  3 rats
28 creatures vanquished.

Vanquished Creatures (collateral kills)
  A worm (D:3)
  A kobold (D:3)
2 creatures vanquished.

Vanquished Creatures (others)
  A hobgoblin zombie (D:3)
  A kobold zombie (D:3)
  A worm zombie (D:3)
3 creatures vanquished.

Grand Total: 33 creatures vanquished

Notes
Turn   | Place    | Note
-------+----------+-------------------------------------------
     0 | D:1      | Lanoc the Merfolk Monk began the quest for the Orb.
     0 | D:1      | Reached XP level 1. HP: 18/18 MP: 1/1
    82 | D:2      | Found a basalt altar of Yredelemnul.
    92 | D:2      | Became a worshipper of Yredelemnul the Dark
    92 | D:2      | Reached * piety under Yredelemnul
    92 | D:2      | Reached ** piety under Yredelemnul
   151 | D:2      | Reached XP level 2. HP: 23/24 MP: 2/2
   234 | D:3      | Reached skill level 5 in Polearms
   317 | D:3      | Noticed Robin
   343 | D:3      | HP: 1/24 [goblin[Robin] (1)]
   344 | D:3      | Reached XP level 3. HP: 1/29 MP: 3/3
   444 | D:3      | Reached skill level 1 in Invocations
   447 | D:3      | Found a radiant altar of Vehumet.
   447 | D:3      | Found an iron altar of Okawaru.
   634 | D:3      | HP: 1/30 [river rat (5)]
   793 | D:3      | Reached XP level 4. HP: 18/37 MP: 4/4
   809 | D:3      | Found a glowing drain.
   813 | Sewer    | Entered a sewer
   822 | Sewer    | Slain by a river rat

Illustrated notes

Levels and vault maps discovered:
D:1:      saegor_arrival_fortress, layout_rooms, grunt_decor_mini_mirrors,
          minmay_pentomino_s4
D:2:      layout_basic, lemuel_crystal_altar, minmay_misc_feat_x,
          okawaru_trees_1
D:3:      cheibrodos_thug_alley, layout_loops_corners, grunt_gozag_statues,
          gammafunk_temple_overflow_elements, gup_sewer_entry_spiral, uniq_robin
Sewer:    sewer_kobolds

Skill      XL: |  1  2  3 |
---------------+----------+-----
Polearms       | 5 |  5.7
Invocations    | 1 |  1.4
Fighting       | |  3.8
Dodging        | |  4.6
Stealth        | |  2.1

Action                   |  1- 3 |  4- 6 || total
-------------------------+-------+-------++-------
Melee: Spear             |   155 |     8 ||   163
       Tailslap          |     2 |       ||     2
Invok: Animate Remains   |     3 |       ||     3
       Injury Mirror     |       |     1 ||     1
  Use: Scroll            |     3 |       ||     3
       Potion            |     3 |       ||     3
 Stab: Sleeping          |     9 |       ||     9
Armor: Robe              |    10 |       ||    10
Dodge: Dodged            |    66 |     2 ||    68

Table legend: (Time is in decaauts)
 A = Elapsed time spent in this place.
 B = Non-inter-level travel time spent in this place.
 C = Inter-level travel time spent in this place.
 D = Time resting spent in this place.
 E = Time spent auto-exploring this place.
 F = Levels seen in this place.
 G = Mean time per level.
                   A        B        C        D        E       F      G
               +--------+--------+--------+--------+--------+-----+--------+
         Total |    735 |    718 |     17 |    106 |    106 |   4 |  183.8 |
       Dungeon |    728 |    711 |     17 |    106 |    106 |   3 |  242.7 |
         Sewer |      7 |      7 |      0 |      0 |      0 |   1 |    7.0 |
               +--------+--------+--------+--------+--------+-----+--------+

Top non-repeatable levels by time:
     D:3: 573 daAuts
     D:1: 78 daAuts
     D:2: 75 daAuts
   Sewer: 7 daAuts
